Saguenéens vs Patriotes

Created - 24 octobre 2016 at 20:02

Goals
1 2 3 OT1 SO T
Saguenéens 0 0 2 0 0 2
Patriotes 1 1 0 0 2 3
Shots
1 2 3 OT1 SO T
Saguenéens 10 13 7 1 2 31
Patriotes 19 6 8 2 2 35

1st period

1. Patriotes , Mattias Weinhandl 1 (Zenon Konopka) at 13:44

Penalties :
Kyle Brodziak (Chi) for Holding (Minor) at 15:37

2nd period

2. Patriotes , Zenon Konopka 1 (Mattias Weinhandl, Brett Skinner) at 14:26

Penalties :
Lauri Tukonen (Nyc) for Hooking (Minor) at 2:59, Luke Witkowski (Chi) for High sticking (Minor) at 7:46, Ryan Wilson (Nyc) for Holding Stick (Minor) at 11:02, Tomas Kurka (Nyc) for Boarding (Major) at 14:35

3rd period

3. Saguenéens , Kyle Brodziak 1 (Tyler Kennedy, Mason Raymond) at 8:26
4. Saguenéens , Tim Kennedy 1 (Erik Haula) at 10:58

Penalties :
No Penalty

Overtime #1

No Goal

Penalties :
No Penalty

Shootout

Penalty Shot by Tyler Kennedy for Saguenéens - Stopped by Marek Schwarz
Penalty Shot by Tomas Kurka for Patriotes - Goal!
Penalty Shot by Kyle Brodziak for Saguenéens - Shot Misses the Net
Penalty Shot by Andrew Gordon for Patriotes - Goal!

Penalties :
No Penalty

Goalie Stats

Mike Smith (Chi), 33 saves from 35 shots - (0,943), OTL, 0-0-1, 65:00 minutes
Marek Schwarz (Nyc), 29 saves from 31 shots - (0,935), W, 1-0-0, 65:00 minutes

Players Stats for Saguenéens

Player Name              G  A  P  +/- PIM S  H  SB GA TA FO     MP     PP MP  PK MP  
------------------------------------------------------------------------------------
Brett Lebda              0  0  0  -1  0   3  1  2  0  2  0/0    31:07   5:03   2:15 
Carl Hagelin             0  0  0   0  0   2  1  0  0  0  0/0     9:24   0:00   0:00 
Craig Cunningham         0  0  0   0  0   3  1  0  0  0  0/0    10:28   0:13   0:55 
Dalton Prout             0  0  0   0  0   1  1  3  0  0  0/0    25:21   3:17   1:35 
Erik Haula               0  1  1   1  0   1  0  1  0  1  3/4    16:45   3:51   0:00 
Juraj Mikus              0  0  0   0  0   1  1  0  0  0  2/9     9:24   0:00   0:00 
Kevin Marshall           0  0  0   0  0   0  0  1  0  0  0/0     4:34   0:00   0:00 
Kyle Brodziak            1  0  1  -1  2   2  1  0  0  0  13/30  22:15   4:26   0:51 
Luke Witkowski           0  0  0   0  2   1  1  4  0  1  0/0    22:24   3:16   0:48 
Mason Raymond            0  1  1  -1  0   7  2  2  2  0  0/2    22:05   4:27   1:01 
Oscar Klefbom            0  0  0   1  0   0  0  0  0  0  0/0    17:43   1:39   2:11 
Rhett Rakhshani          0  0  0   0  0   0  2  1  0  0  0/0    11:45   0:07   1:32 
Rickard Rakell           0  0  0   0  0   0  2  0  0  0  2/6    10:56   0:27   0:39 
Roman Josi               0  0  0   0  0   1  4  2  0  2  0/0    28:15   4:39   0:46 
Spencer Machacek         0  0  0   1  0   4  3  1  1  1  0/1    19:46   3:49   1:01 
Teemu Pulkkinen          0  0  0   0  0   0  0  0  0  0  0/0     2:00   0:34   0:00 
Tim Kennedy              1  0  1   1  0   1  0  0  1  0  1/1    16:37   3:49   0:00 
Tyler Kennedy            0  1  1  -1  0   3  2  0  0  0  2/9    23:19   4:25   2:18 
Tyler Pitlick            0  0  0   0  0   1  0  0  0  0  0/0    11:52   0:43   0:00 

Players Stats for Patriotes

Player Name              G  A  P  +/- PIM S  H  SB GA TA FO     MP     PP MP  PK MP  
------------------------------------------------------------------------------------
A.J Thelen               0  0  0   0  0   2  3  0  0  0  0/0    29:34   3:25   4:53 
Andrew Gordon            0  0  0  -1  0   3  3  0  0  0  0/1    24:14   1:13   4:32 
Austin Watson            0  0  0   0  0   0  0  0  0  0  0/0     8:22   0:00   0:48 
Brett Skinner            0  1  1   0  0   7  1  1  0  1  0/0    21:48   0:33   4:02 
Christian Hanson         0  0  0  -1  0   2  1  0  1  1  18/26  22:06   1:13   3:11 
Fedor Fedorov            0  0  0   2  0   2  2  0  2  0  0/1    18:29   2:45   2:08 
Jared Knight             0  0  0   0  0   0  0  0  0  0  1/2     8:23   0:00   0:49 
Joe Charlebois           0  0  0   0  0   0  0  3  0  1  0/0    13:50   0:00   0:12 
Lauri Tukonen            0  0  0  -1  2   2  0  3  1  0  0/0    11:35   0:00   0:00 
Matt Calvert             0  0  0  -1  0   1  1  0  0  0  0/0    10:48   0:00   0:00 
Mattias Weinhandl        1  1  2   2  0   5  2  0  1  0  2/3    18:49   2:45   1:29 
Melker Karlsson          0  0  0  -1  0   1  2  0  0  0  8/10   12:51   0:00   2:40 
Ryan Wilson              0  0  0   0  2   2  2  2  1  0  0/0    20:52   0:33   3:07 
Timothy Kunes            0  0  0   0  0   2  0  2  0  0  0/0    14:35   0:00   0:57 
Tom Preissing            0  0  0   0  0   1  2  1  0  0  0/0    29:22   3:25   4:43 
Tomas Kurka              0  0  0  -1  5   1  2  0  1  0  3/6    22:02   1:13   2:17 
Zack Stortini            0  0  0   0  0   1  0  0  0  0  1/1     7:31   0:00   0:00 
Zenon Konopka            1  1  2   2  0   3  0  1  0  1  6/12   15:49   2:45   0:00 

3 Stars

1 - Mattias Weinhandl (Nyc)
2 - Zenon Konopka (Nyc)
3 - Mike Smith (Chi)

Power Play

Saguenéens - 0 on 3 Attempt(s) - 0,00%
Patriotes - 0 on 2 Attempt(s) - 0,00%

Penalty Kill

Saguenéens - 2 on 2 Attempt(s) - 100,00% - Score 0 goal in Penalty Kill
Patriotes - 3 on 3 Attempt(s) - 100,00% - Score 0 goal in Penalty Kill

Team Stat

Saguenéens - Hits : 22 - Faceoff Wins : 23 - Blocked Shots : 17 - Penalty Minutes : 4
Patriotes - Hits : 21 - Faceoff Wins : 39 - Blocked Shots : 13 - Penalty Minutes : 9

Official

Referees : Martell Rob and Auger Stephane
Linesman : Scott Cherrey and Bryan Pancich

Game Notes

Kevin Marshall is injured at 10:12 of 1st period (Bruised Left Arm)

Finance

Level 1 -- Attendance: 1364 (68,20%) -- Ticket Income 47 740 $
Level 2 -- Attendance: 731 (73,10%) -- Ticket Income 10 965 $
Total Attendance: 2095 (69,83%)
Total Ticket Income: 58 705 $
Other Income: 2 935 $
Total Income: 61 640 $

Saguenéens

5 vs 5 Forward 
   Center                   Left Wing                Right Wing               Time % Phy DF OF 
 1 Kyle Brodziak            Mason Raymond            Tyler Kennedy            40     1   2  2  
 2 Erik Haula               Tim Kennedy              Spencer Machacek         30     1   2  2  
 3 Juraj Mikus              Carl Hagelin             Tyler Pitlick            15     1   2  2  
 4 Rickard Rakell           Craig Cunningham         Rhett Rakhshani          15     1   2  2  

5 vs 5 Defense 
   Defense                  Defense                                           Time % Phy DF OF 
 1 Brett Lebda              Kevin Marshall                                    40     1   2  2  
 2 Dalton Prout             Luke Witkowski                                    30     1   2  2  
 3 Roman Josi               Oscar Klefbom                                     20     1   2  2  
 4 Brett Lebda              Kevin Marshall                                    10     1   2  2  

PowerPlay Forward 
   Center                   Left Wing                Right Wing               Time % Phy DF OF 
 1 Kyle Brodziak            Mason Raymond            Tyler Kennedy            60     1   2  2  
 2 Erik Haula               Tim Kennedy              Spencer Machacek         40     1   2  2  

PowerPlay Defense
   Defense                  Defense                                           Time % Phy DF OF 
 1 Brett Lebda              Kevin Marshall                                    60     1   2  2  
 2 Dalton Prout             Luke Witkowski                                    40     1   2  2  

Penalty Kill 4 Players Forward 
   Center                   Wing                     Time % Phy DF OF 
 1 Tyler Kennedy            Kyle Brodziak            60     1   2  2  
 2 Mason Raymond            Spencer Machacek         40     1   2  2  

Penalty Kill 4 Players Defense
   Defense                  Defense                  Time % Phy DF OF 
 1 Brett Lebda              Kevin Marshall           60     1   2  2  
 2 Dalton Prout             Luke Witkowski           40     1   2  2  

Penalty Kill - 3 Players Forward 
   Forward                                           Time % Phy DF OF 
 1 Tyler Kennedy                                     60     1   2  2  
 2 Kyle Brodziak                                     40     1   2  2  

Penalty Kill - 3 Players Defense
   Defense                  Defense                  Time % Phy DF OF 
 1 Brett Lebda              Kevin Marshall           60     1   2  2  
 2 Dalton Prout             Luke Witkowski           40     1   2  2  

4 vs 4 Forward 
   Center                   Wing                     Time % Phy DF OF 
 1 Tyler Kennedy            Kyle Brodziak            60     1   2  2  
 2 Mason Raymond            Spencer Machacek         40     1   2  2  

4 vs 4 Defense
   Defense                  Defense                  Time % Phy DF OF 
 1 Brett Lebda              Kevin Marshall           60     1   2  2  
 2 Dalton Prout             Luke Witkowski           40     1   2  2  

Last Minutes Offensive
   Center                   Left Wing                Right Wing               Defense                  Defense                  
   Kyle Brodziak            Mason Raymond            Tyler Kennedy            Brett Lebda              Kevin Marshall           

Last Minutes Defensive
   Center                   Left Wing                Right Wing               Defense                  Defense                  
   Kyle Brodziak            Mason Raymond            Tyler Kennedy            Brett Lebda              Kevin Marshall           

Goaltenders
Starting : Mike Smith               
Backup : Martin Jones             

Extra Forwards
Normal : Teemu Pulkkinen, Tyler Pitlick, Rhett Rakhshani - PP : Teemu Pulkkinen, Tyler Pitlick - PK : Rhett Rakhshani
Extra Defensemen
Normal : Roman Josi, Oscar Klefbom, Dalton Prout - PP : Roman Josi - PK : Oscar Klefbom, Dalton Prout
Penalty Shots
Tyler Kennedy, Kyle Brodziak, Mason Raymond, Spencer Machacek, Erik Haula

Patriotes

5 vs 5 Forward 
   Center                   Left Wing                Right Wing               Time % Phy DF OF 
 1 Christian Hanson         Tomas Kurka              Andrew Gordon            40     1   2  2  
 2 Zenon Konopka            Fedor Fedorov            Mattias Weinhandl        30     1   2  2  
 3 Melker Karlsson          Matt Calvert             Lauri Tukonen            20     1   2  2  
 4 Jared Knight             Austin Watson            Zack Stortini            10     1   2  2  

5 vs 5 Defense 
   Defense                  Defense                                           Time % Phy DF OF 
 1 Tom Preissing            A.J Thelen                                        40     1   2  2  
 2 Brett Skinner            Ryan Wilson                                       30     1   2  2  
 3 Joe Charlebois           Timothy Kunes                                     20     1   2  2  
 4 Tom Preissing            A.J Thelen                                        10     1   2  2  

PowerPlay Forward 
   Center                   Left Wing                Right Wing               Time % Phy DF OF 
 1 Christian Hanson         Tomas Kurka              Andrew Gordon            60     1   2  2  
 2 Zenon Konopka            Fedor Fedorov            Mattias Weinhandl        40     1   2  2  

PowerPlay Defense
   Defense                  Defense                                           Time % Phy DF OF 
 1 Tom Preissing            A.J Thelen                                        60     1   2  2  
 2 Brett Skinner            Ryan Wilson                                       40     1   2  2  

Penalty Kill 4 Players Forward 
   Center                   Wing                     Time % Phy DF OF 
 1 Tomas Kurka              Andrew Gordon            60     1   2  2  
 2 Mattias Weinhandl        Christian Hanson         40     1   2  2  

Penalty Kill 4 Players Defense
   Defense                  Defense                  Time % Phy DF OF 
 1 Tom Preissing            A.J Thelen               60     1   2  2  
 2 Brett Skinner            Ryan Wilson              40     1   2  2  

Penalty Kill - 3 Players Forward 
   Forward                                           Time % Phy DF OF 
 1 Tomas Kurka                                       60     1   2  2  
 2 Andrew Gordon                                     40     1   2  2  

Penalty Kill - 3 Players Defense
   Defense                  Defense                  Time % Phy DF OF 
 1 Tom Preissing            A.J Thelen               60     1   2  2  
 2 Brett Skinner            Ryan Wilson              40     1   2  2  

4 vs 4 Forward 
   Center                   Wing                     Time % Phy DF OF 
 1 Tomas Kurka              Andrew Gordon            60     1   2  2  
 2 Mattias Weinhandl        Christian Hanson         40     1   2  2  

4 vs 4 Defense
   Defense                  Defense                  Time % Phy DF OF 
 1 Tom Preissing            A.J Thelen               60     1   2  2  
 2 Brett Skinner            Ryan Wilson              40     1   2  2  

Last Minutes Offensive
   Center                   Left Wing                Right Wing               Defense                  Defense                  
   Christian Hanson         Tomas Kurka              Andrew Gordon            Tom Preissing            A.J Thelen               

Last Minutes Defensive
   Center                   Left Wing                Right Wing               Defense                  Defense                  
   Christian Hanson         Tomas Kurka              Andrew Gordon            Tom Preissing            A.J Thelen               

Goaltenders
Starting : Marek Schwarz            
Backup : Jason Missiaen           

Extra Forwards
Normal : Lauri Tukonen, Matt Calvert, Melker Karlsson - PP : Lauri Tukonen, Matt Calvert - PK : Melker Karlsson
Extra Defensemen
Normal : Joe Charlebois, Timothy Kunes, Brett Skinner - PP : Joe Charlebois - PK : Timothy Kunes, Brett Skinner
Penalty Shots
Tomas Kurka, Andrew Gordon, Mattias Weinhandl, Christian Hanson, Fedor Fedorov

% Time on Ice - Saguenéens

Lines # - Real PCT - Wanted PCT - Time Play
Normal Forward
1 - 31% - 40% - 14:29
2 - 29% - 30% - 13:52
3 - 20% - 15% - 9:24
4 - 20% - 15% - 9:20
Normal Defense
1 - 45% - 40% - 21:18
2 - 31% - 30% - 14:22
3 - 16% - 20% - 7:44
4 - 8% - 10% - 3:41
PP Forward
1 - 55% - 60% - 4:56
2 - 45% - 40% - 4:01
PP Defense
1 - 68% - 60% - 6:04
2 - 32% - 40% - 2:53
PK Forward
1 - 74% - 60% - 2:57
2 - 26% - 40% - 1:01
PK Defense
1 - 64% - 60% - 2:32
2 - 36% - 40% - 1:26
PK3 Forward
1 - 0% - 60%
2 - 0% - 40%
PK3 Defense
1 - 0% - 60%
2 - 0% - 40%
44 Forward
1 - 72% - 60% - 3:36
2 - 28% - 40% - 1:24
44 Defense
1 - 57% - 60% - 2:50
2 - 43% - 40% - 2:10
Last Minute Offensive  - 0:00
Last Minute Defensive  - 0:00
Total
Forward - 65:00
Defense - 65:00

% Time on Ice - Patriotes

Lines # - Real PCT - Wanted PCT - Time Play
Normal Forward
1 - 36% - 40% - 17:04
2 - 28% - 30% - 13:11
3 - 20% - 20% - 9:19
4 - 16% - 10% - 7:31
Normal Defense
1 - 37% - 40% - 17:25
2 - 32% - 30% - 14:55
3 - 29% - 20% - 13:38
4 - 2% - 10% - 1:07
PP Forward
1 - 31% - 60% - 1:13
2 - 69% - 40% - 2:45
PP Defense
1 - 86% - 60% - 3:25
2 - 14% - 40% - 0:33
PK Forward
1 - 83% - 60% - 7:28
2 - 17% - 40% - 1:29
PK Defense
1 - 55% - 60% - 4:55
2 - 45% - 40% - 4:02
PK3 Forward
1 - 0% - 60%
2 - 0% - 40%
PK3 Defense
1 - 0% - 60%
2 - 0% - 40%
44 Forward
1 - 75% - 60% - 3:44
2 - 25% - 40% - 1:16
44 Defense
1 - 54% - 60% - 2:42
2 - 46% - 40% - 2:18
Last Minute Offensive  - 0:00
Last Minute Defensive  - 0:00
Total
Forward - 65:00
Defense - 65:00

Play by Play

1st period


0:01 of 1st period - Christian Hanson wins face-off versus Kyle Brodziak in neutral zone.
0:49 of 1st period - Slapshot by Tyler Pitlick.
0:49 of 1st period - Shot Misses the Net.
0:55 of 1st period - Roman Josi is hit by Melker Karlsson and loses puck.
1:19 of 1st period - Wrist shot by Craig Cunningham.
1:19 of 1st period - Stopped by Marek Schwarz without a rebound.
1:20 of 1st period - Kyle Brodziak wins face-off versus Christian Hanson in Patriotes zone.
1:47 of 1st period - Icing by Joe Charlebois.
1:48 of 1st period - Erik Haula wins face-off versus Zenon Konopka in Patriotes zone.
1:51 of 1st period - Slapshot by Spencer Machacek.
1:51 of 1st period - Stopped by Marek Schwarz without a rebound.
1:52 of 1st period - Melker Karlsson wins face-off versus Kyle Brodziak in Patriotes zone.
2:49 of 1st period - Slapshot by Fedor Fedorov.
2:49 of 1st period - Stopped by Mike Smith with a rebound.
2:51 of 1st period - Slapshot by Brett Skinner.
2:51 of 1st period - Stopped by Mike Smith with a rebound.
3:09 of 1st period - Slapshot by A.J Thelen.
3:09 of 1st period - Shot Misses the Net.
3:27 of 1st period - Snap shot by Kyle Brodziak.
3:27 of 1st period - Deflect By Mason Raymond.
3:27 of 1st period - Shot Blocked by Lauri Tukonen.
3:27 of 1st period - Puck is out of play.
3:28 of 1st period - Erik Haula wins face-off versus Christian Hanson in Patriotes zone.
3:58 of 1st period - Slapshot by Mattias Weinhandl.
3:58 of 1st period - Shot Misses the Net.
4:00 of 1st period - Slapshot by Timothy Kunes.
4:00 of 1st period - Shot Blocked by Dalton Prout.
4:02 of 1st period - Slapshot by Timothy Kunes.
4:02 of 1st period - Stopped by Mike Smith with a rebound.
4:04 of 1st period - Slapshot by Joe Charlebois.
4:04 of 1st period - Deflect By Mattias Weinhandl.
4:04 of 1st period - Shot Misses the Net.
4:04 of 1st period - Puck is out of play.
4:05 of 1st period - Melker Karlsson wins face-off versus Erik Haula in Saguenéens zone.
4:06 of 1st period - Wrist shot by Matt Calvert.
4:06 of 1st period - Shot Misses the Net.
4:21 of 1st period - Icing by A.J Thelen.
4:22 of 1st period - Kyle Brodziak wins face-off versus Melker Karlsson in Patriotes zone.
4:37 of 1st period - Snap shot by Mason Raymond.
4:37 of 1st period - Stopped by Marek Schwarz with a rebound.
4:55 of 1st period - Slapshot by Andrew Gordon.
4:55 of 1st period - Stopped by Mike Smith without a rebound.
4:56 of 1st period - Zenon Konopka wins face-off versus Kyle Brodziak in Saguenéens zone.
5:21 of 1st period - Brett Lebda is hit by Andrew Gordon and loses puck.
5:28 of 1st period - Slapshot by Andrew Gordon.
5:28 of 1st period - Stopped by Mike Smith with a rebound.
5:30 of 1st period - Slapshot by Timothy Kunes.
5:30 of 1st period - Stopped by Mike Smith without a rebound.
5:31 of 1st period - Juraj Mikus wins face-off versus Zenon Konopka in Saguenéens zone.
6:21 of 1st period - Tim Kennedy is hit by Andrew Gordon and loses puck.
6:52 of 1st period - Snap shot by Mattias Weinhandl.
6:52 of 1st period - Stopped by Mike Smith with a rebound.
6:54 of 1st period - Slapshot by Mattias Weinhandl.
6:54 of 1st period - Shot Misses the Net.
6:56 of 1st period - Snap shot by Tom Preissing.
6:56 of 1st period - Shot Misses the Net.
7:18 of 1st period - Snap shot by Rhett Rakhshani.
7:18 of 1st period - Shot Misses the Net.
7:56 of 1st period - Backhand shot by Erik Haula.
7:56 of 1st period - Stopped by Marek Schwarz without a rebound.
7:57 of 1st period - Christian Hanson wins face-off versus Spencer Machacek in Patriotes zone.
8:12 of 1st period - Erik Haula is hit by Andrew Gordon and loses puck.
8:40 of 1st period - Snap shot by Tomas Kurka.
8:40 of 1st period - Shot Misses the Net.
8:44 of 1st period - Snap shot by Andrew Gordon.
8:44 of 1st period - Deflect By Roman Josi.
8:44 of 1st period - Shot Misses the Net.
8:44 of 1st period - Puck is out of play.
8:45 of 1st period - Zenon Konopka wins face-off versus Kyle Brodziak in Saguenéens zone.
8:58 of 1st period - Slapshot by Kyle Brodziak.
8:58 of 1st period - Stopped by Marek Schwarz with a rebound.
9:14 of 1st period - Slapshot by Zack Stortini.
9:14 of 1st period - Stopped by Mike Smith with a rebound.
9:31 of 1st period - Snap shot by Kyle Brodziak.
9:31 of 1st period - Shot Misses the Net.
9:53 of 1st period - Snap shot by Kyle Brodziak.
9:53 of 1st period - Deflect By Mason Raymond.
9:53 of 1st period - Stopped by Marek Schwarz with a rebound.
9:55 of 1st period - Slapshot by Tyler Kennedy.
9:55 of 1st period - Shot Blocked by Joe Charlebois.
10:01 of 1st period - Snap shot by Mason Raymond.
10:01 of 1st period - Stopped by Marek Schwarz without a rebound.
10:02 of 1st period - Christian Hanson wins face-off versus Juraj Mikus in Patriotes zone.
10:02 of 1st period - Christian Hanson is hit by Carl Hagelin.
10:12 of 1st period - Snap shot by Andrew Gordon.
10:12 of 1st period - Shot Blocked by Kevin Marshall.
10:12 of 1st period - Kevin Marshall from Saguenéens is injured at 10:12 of 1st period (Bruised Left Arm).
10:13 of 1st period - Mattias Weinhandl wins face-off versus Juraj Mikus in Saguenéens zone.
10:50 of 1st period - Wrist shot by Spencer Machacek.
10:50 of 1st period - Shot Misses the Net.
10:52 of 1st period - Wrist shot by Spencer Machacek.
10:52 of 1st period - Stopped by Marek Schwarz with a rebound.
11:01 of 1st period - Off-side.
11:02 of 1st period - Zenon Konopka wins face-off versus Rickard Rakell in neutral zone.
11:05 of 1st period - Craig Cunningham is hit by Brett Skinner and loses puck.
12:24 of 1st period - Dalton Prout is hit by Fedor Fedorov and loses puck.
12:31 of 1st period - Joe Charlebois is hit by Juraj Mikus and loses puck.
12:38 of 1st period - Snap shot by Juraj Mikus.
12:38 of 1st period - Stopped by Marek Schwarz with a rebound.
13:13 of 1st period - Dalton Prout is hit by Christian Hanson.
13:17 of 1st period - Brett Skinner is hit by Rhett Rakhshani and loses puck.
13:42 of 1st period - Snap shot by A.J Thelen.
13:42 of 1st period - Deflect By Jared Knight.
13:42 of 1st period - Shot Blocked by Rhett Rakhshani.
13:42 of 1st period - Puck is out of play.
13:43 of 1st period - Zenon Konopka wins face-off versus Kyle Brodziak in Saguenéens zone.
13:44 of 1st period - Slapshot by Mattias Weinhandl.
13:44 of 1st period - Goal by Mattias Weinhandl - Saguenéens : 0 - Patriotes : 1.
13:45 of 1st period - Christian Hanson wins face-off versus Kyle Brodziak in neutral zone.
14:37 of 1st period - Luke Witkowski is hit by Melker Karlsson and loses puck.
14:58 of 1st period - Joe Charlebois is hit by Rickard Rakell and loses puck.
15:17 of 1st period - Luke Witkowski is hit by A.J Thelen and loses puck.
15:37 of 1st period - Minor Penalty to Kyle Brodziak for Holding.
15:38 of 1st period - Christian Hanson wins face-off versus Tyler Kennedy in Saguenéens zone.
15:46 of 1st period - Icing by A.J Thelen.
15:47 of 1st period - Christian Hanson wins face-off versus Tyler Kennedy in Patriotes zone.
16:06 of 1st period - Wrist shot by Andrew Gordon.
16:06 of 1st period - Deflect By Christian Hanson.
16:06 of 1st period - Stopped by Mike Smith without a rebound.
16:07 of 1st period - Tyler Kennedy wins face-off versus Fedor Fedorov in Saguenéens zone.
16:14 of 1st period - Slapshot by Brett Lebda.
16:14 of 1st period - Deflect By Zenon Konopka.
16:14 of 1st period - Stopped by Marek Schwarz without a rebound.
16:15 of 1st period - Tyler Kennedy wins face-off versus Zenon Konopka in Patriotes zone.
16:22 of 1st period - Oscar Klefbom is hit by A.J Thelen and loses puck.
17:27 of 1st period - Luke Witkowski is hit by Fedor Fedorov and loses puck.
17:36 of 1st period - Slapshot by Mattias Weinhandl.
17:36 of 1st period - Stopped by Mike Smith with a rebound.
17:37 of 1st period - Penalty to Kyle Brodziak is over, Kyle Brodziak is back on ice.
17:38 of 1st period - Snap shot by Tom Preissing.
17:38 of 1st period - Shot Blocked by Mason Raymond.
17:40 of 1st period - Slapshot by A.J Thelen.
17:40 of 1st period - Shot Blocked by Luke Witkowski.
17:42 of 1st period - Snap shot by Fedor Fedorov.
17:42 of 1st period - Shot Blocked by Luke Witkowski.
17:44 of 1st period - Slapshot by Tom Preissing.
17:44 of 1st period - Deflect By Fedor Fedorov.
17:44 of 1st period - Stopped by Mike Smith with a rebound.
17:46 of 1st period - Slapshot by A.J Thelen.
17:46 of 1st period - Stopped by Mike Smith with a rebound.
17:56 of 1st period - Snap shot by Mattias Weinhandl.
17:56 of 1st period - Shot Blocked by Mason Raymond.
17:58 of 1st period - Snap shot by Zenon Konopka.
17:58 of 1st period - Stopped by Mike Smith without a rebound.
17:59 of 1st period - Christian Hanson wins face-off versus Juraj Mikus in Saguenéens zone.
18:00 of 1st period - Snap shot by Andrew Gordon.
18:00 of 1st period - Shot Blocked by Roman Josi.
18:02 of 1st period - Slapshot by Brett Skinner.
18:02 of 1st period - Shot Blocked by Brett Lebda.
18:04 of 1st period - Snap shot by Tomas Kurka.
18:04 of 1st period - Shot Blocked by Brett Lebda.
18:06 of 1st period - Backhand shot by Brett Skinner.
18:06 of 1st period - Stopped by Mike Smith with a rebound.
18:08 of 1st period - Slapshot by Brett Skinner.
18:08 of 1st period - Shot Misses the Net.
18:10 of 1st period - Slapshot by Brett Skinner.
18:10 of 1st period - Stopped by Mike Smith without a rebound.
18:11 of 1st period - Kyle Brodziak wins face-off versus Andrew Gordon in Saguenéens zone.
18:11 of 1st period - Kyle Brodziak is hit by Tomas Kurka.
18:35 of 1st period - Brett Skinner is hit by Roman Josi and loses puck.
19:09 of 1st period - Snap shot by Christian Hanson.
19:09 of 1st period - Stopped by Mike Smith with a rebound.
19:11 of 1st period - Wrist shot by Andrew Gordon.
19:11 of 1st period - Shot Blocked by Roman Josi.
19:13 of 1st period - Snap shot by Brett Skinner.
19:13 of 1st period - Stopped by Mike Smith with a rebound.
19:15 of 1st period - Wrist shot by Brett Skinner.
19:15 of 1st period - Stopped by Mike Smith without a rebound.
19:16 of 1st period - Melker Karlsson wins face-off versus Kyle Brodziak in Saguenéens zone.
19:23 of 1st period - Snap shot by Lauri Tukonen.
19:23 of 1st period - Shot Blocked by Dalton Prout.
Goals for this period are 0 for Saguenéens vs 1 for Patriotes.
Shots for this period are 10 for Saguenéens vs 19 for Patriotes.

2nd period


0:01 of 2nd period - Zenon Konopka wins face-off versus Mason Raymond in neutral zone.
0:25 of 2nd period - Tom Preissing is hit by Roman Josi and loses puck.
0:46 of 2nd period - Snap shot by Brett Lebda.
0:46 of 2nd period - Deflect By Ryan Wilson.
0:46 of 2nd period - Stopped by Marek Schwarz with a rebound.
0:54 of 2nd period - Snap shot by Craig Cunningham.
0:54 of 2nd period - Stopped by Marek Schwarz with a rebound.
1:08 of 2nd period - Slapshot by Brett Skinner.
1:08 of 2nd period - Stopped by Mike Smith without a rebound.
1:09 of 2nd period - Jared Knight wins face-off versus Kyle Brodziak in Saguenéens zone.
1:09 of 2nd period - A.J Thelen is hit by Tyler Kennedy and loses puck.
1:36 of 2nd period - Roman Josi is hit by Mattias Weinhandl and loses puck.
2:14 of 2nd period - Icing by Timothy Kunes.
2:15 of 2nd period - Christian Hanson wins face-off versus Juraj Mikus in Patriotes zone.
2:59 of 2nd period - Minor Penalty to Lauri Tukonen for Hooking.
3:00 of 2nd period - Tomas Kurka wins face-off versus Kyle Brodziak in Patriotes zone.
3:51 of 2nd period - Wrist shot by Tyler Kennedy.
3:51 of 2nd period - Shot Misses the Net.
3:53 of 2nd period - Snap shot by Mason Raymond.
3:53 of 2nd period - Stopped by Marek Schwarz with a rebound.
3:55 of 2nd period - Snap shot by Tyler Kennedy.
3:55 of 2nd period - Stopped by Marek Schwarz without a rebound.
3:56 of 2nd period - Erik Haula wins face-off versus Tomas Kurka in Patriotes zone.
4:26 of 2nd period - Off-side.
4:27 of 2nd period - Mattias Weinhandl wins face-off versus Kyle Brodziak in neutral zone.
4:59 of 2nd period - Penalty to Lauri Tukonen is over, Lauri Tukonen is back on ice.
5:00 of 2nd period - Tom Preissing is hit by Mason Raymond and loses puck.
5:13 of 2nd period - Slapshot by Tom Preissing.
5:13 of 2nd period - Stopped by Mike Smith without a rebound.
5:14 of 2nd period - Zack Stortini wins face-off versus Rickard Rakell in Saguenéens zone.
5:15 of 2nd period - Slapshot by Tom Preissing.
5:15 of 2nd period - Deflect By Zack Stortini.
5:15 of 2nd period - Shot Blocked by Luke Witkowski.
5:15 of 2nd period - Puck is out of play.
5:16 of 2nd period - Tim Kennedy wins face-off versus Jared Knight in Saguenéens zone.
5:30 of 2nd period - Snap shot by A.J Thelen.
5:30 of 2nd period - Shot Blocked by Erik Haula.
5:44 of 2nd period - Slapshot by Roman Josi.
5:44 of 2nd period - Stopped by Marek Schwarz without a rebound.
5:45 of 2nd period - Christian Hanson wins face-off versus Tyler Kennedy in Patriotes zone.
6:10 of 2nd period - Fedor Fedorov is hit by Spencer Machacek and loses puck.
6:42 of 2nd period - Snap shot by Matt Calvert.
6:42 of 2nd period - Shot Misses the Net.
7:46 of 2nd period - Minor Penalty to Luke Witkowski for High sticking.
7:47 of 2nd period - Christian Hanson wins face-off versus Tyler Kennedy in Saguenéens zone.
8:22 of 2nd period - Wrist shot by Mattias Weinhandl.
8:22 of 2nd period - Stopped by Mike Smith with a rebound.
8:58 of 2nd period - Andrew Gordon is hit by Craig Cunningham.
9:14 of 2nd period - Mattias Weinhandl is hit by Brett Lebda and loses puck.
9:33 of 2nd period - Snap shot by Fedor Fedorov.
9:33 of 2nd period - Shot Misses the Net.
9:46 of 2nd period - Penalty to Luke Witkowski is over, Luke Witkowski is back on ice.
10:07 of 2nd period - Wrist shot by Spencer Machacek.
10:07 of 2nd period - Stopped by Marek Schwarz without a rebound.
10:08 of 2nd period - Christian Hanson wins face-off versus Juraj Mikus in Patriotes zone.
10:40 of 2nd period - Slapshot by Rhett Rakhshani.
10:40 of 2nd period - Shot Blocked by Timothy Kunes.
10:42 of 2nd period - Wrist shot by Oscar Klefbom.
10:42 of 2nd period - Deflect By Craig Cunningham.
10:42 of 2nd period - Shot Blocked by Lauri Tukonen.
10:42 of 2nd period - Puck is out of play.
10:43 of 2nd period - Melker Karlsson wins face-off versus Rickard Rakell in Patriotes zone.
10:52 of 2nd period - Craig Cunningham is hit by Ryan Wilson and loses puck.
11:02 of 2nd period - Minor Penalty to Ryan Wilson for Holding Stick.
11:03 of 2nd period - Kyle Brodziak wins face-off versus Tomas Kurka in Patriotes zone.
11:09 of 2nd period - Snap shot by Kyle Brodziak.
11:09 of 2nd period - Shot Misses the Net.
11:19 of 2nd period - Wrist shot by Tyler Kennedy.
11:19 of 2nd period - Shot Misses the Net.
13:02 of 2nd period - Penalty to Ryan Wilson is over, Ryan Wilson is back on ice.
13:11 of 2nd period - Wrist shot by Jared Knight.
13:11 of 2nd period - Shot Misses the Net.
13:37 of 2nd period - Wrist shot by Lauri Tukonen.
13:37 of 2nd period - Stopped by Mike Smith with a rebound.
13:39 of 2nd period - Snap shot by Melker Karlsson.
13:39 of 2nd period - Stopped by Mike Smith without a rebound.
13:40 of 2nd period - Zenon Konopka wins face-off versus Juraj Mikus in Saguenéens zone.
13:47 of 2nd period - Wrist shot by Carl Hagelin.
13:47 of 2nd period - Shot Misses the Net.
13:49 of 2nd period - Slapshot by Luke Witkowski.
13:49 of 2nd period - Shot Blocked by Brett Skinner.
13:51 of 2nd period - Snap shot by Tyler Pitlick.
13:51 of 2nd period - Stopped by Marek Schwarz with a rebound.
13:53 of 2nd period - Slapshot by Dalton Prout.
13:53 of 2nd period - Shot Blocked by Ryan Wilson.
13:55 of 2nd period - Slapshot by Dalton Prout.
13:55 of 2nd period - Stopped by Marek Schwarz without a rebound.
13:56 of 2nd period - Kyle Brodziak wins face-off versus Christian Hanson in Patriotes zone.
13:57 of 2nd period - Snap shot by Tyler Kennedy.
13:57 of 2nd period - Stopped by Marek Schwarz without a rebound.
13:58 of 2nd period - Christian Hanson wins face-off versus Kyle Brodziak in Patriotes zone.
14:20 of 2nd period - Icing by Roman Josi.
14:21 of 2nd period - Kyle Brodziak wins face-off versus Mattias Weinhandl in Saguenéens zone.
14:26 of 2nd period - Slapshot by Zenon Konopka.
14:26 of 2nd period - Goal by Zenon Konopka - Saguenéens : 0 - Patriotes : 2.
14:27 of 2nd period - Christian Hanson wins face-off versus Kyle Brodziak in neutral zone.
14:35 of 2nd period - Major Penalty to Tomas Kurka for Boarding.
14:36 of 2nd period - Kyle Brodziak wins face-off versus Melker Karlsson in Patriotes zone.
15:10 of 2nd period - Wrist shot by Tim Kennedy.
15:10 of 2nd period - Deflect By Erik Haula.
15:10 of 2nd period - Shot Blocked by Tom Preissing.
15:10 of 2nd period - Puck is out of play.
15:11 of 2nd period - Christian Hanson wins face-off versus Kyle Brodziak in Patriotes zone.
15:11 of 2nd period - Christian Hanson is hit by Mason Raymond.
15:35 of 2nd period - Fedor Fedorov is hit by Spencer Machacek and loses puck.
15:44 of 2nd period - Snap shot by Spencer Machacek.
15:44 of 2nd period - Stopped by Marek Schwarz without a rebound.
15:45 of 2nd period - Melker Karlsson wins face-off versus Tyler Kennedy in Patriotes zone.
15:56 of 2nd period - Snap shot by Brett Lebda.
15:56 of 2nd period - Stopped by Marek Schwarz with a rebound.
15:58 of 2nd period - Wrist shot by Tyler Kennedy.
15:58 of 2nd period - Stopped by Marek Schwarz without a rebound.
15:59 of 2nd period - Melker Karlsson wins face-off versus Kyle Brodziak in Patriotes zone.
16:20 of 2nd period - Snap shot by Erik Haula.
16:20 of 2nd period - Shot Misses the Net.
19:01 of 2nd period - Slapshot by Rickard Rakell.
19:01 of 2nd period - Shot Misses the Net.
19:35 of 2nd period - Penalty to Tomas Kurka is over, Tomas Kurka is back on ice.
19:59 of 2nd period - Wrist shot by Carl Hagelin.
19:59 of 2nd period - Stopped by Marek Schwarz with a rebound.
Goals for this period are 0 for Saguenéens vs 1 for Patriotes.
Shots for this period are 13 for Saguenéens vs 6 for Patriotes.

3rd period


0:01 of 3rd period - Christian Hanson wins face-off versus Kyle Brodziak in neutral zone.
0:48 of 3rd period - A.J Thelen is hit by Rickard Rakell and loses puck.
1:21 of 3rd period - Snap shot by Carl Hagelin.
1:21 of 3rd period - Stopped by Marek Schwarz without a rebound.
1:22 of 3rd period - Juraj Mikus wins face-off versus Zenon Konopka in Patriotes zone.
1:25 of 3rd period - Wrist shot by Juraj Mikus.
1:25 of 3rd period - Shot Blocked by Zenon Konopka.
2:02 of 3rd period - Slapshot by Ryan Wilson.
2:02 of 3rd period - Stopped by Mike Smith with a rebound.
2:04 of 3rd period - Backhand shot by Zenon Konopka.
2:04 of 3rd period - Stopped by Mike Smith without a rebound.
2:05 of 3rd period - Melker Karlsson wins face-off versus Kyle Brodziak in Saguenéens zone.
2:08 of 3rd period - Snap shot by Lauri Tukonen.
2:08 of 3rd period - Shot Misses the Net.
2:16 of 3rd period - Snap shot by Mason Raymond.
2:16 of 3rd period - Stopped by Marek Schwarz with a rebound.
2:18 of 3rd period - Snap shot by Mason Raymond.
2:18 of 3rd period - Stopped by Marek Schwarz with a rebound.
3:04 of 3rd period - Tom Preissing is hit by Roman Josi.
3:54 of 3rd period - Snap shot by Lauri Tukonen.
3:54 of 3rd period - Shot Blocked by Dalton Prout.
3:56 of 3rd period - Slapshot by Ryan Wilson.
3:56 of 3rd period - Stopped by Mike Smith with a rebound.
4:14 of 3rd period - Snap shot by Lauri Tukonen.
4:14 of 3rd period - Shot Misses the Net.
4:16 of 3rd period - Snap shot by Lauri Tukonen.
4:16 of 3rd period - Stopped by Mike Smith without a rebound.
4:17 of 3rd period - Christian Hanson wins face-off versus Kyle Brodziak in Saguenéens zone.
5:11 of 3rd period - Wrist shot by Carl Hagelin.
5:11 of 3rd period - Shot Blocked by Timothy Kunes.
6:17 of 3rd period - Icing by A.J Thelen.
6:18 of 3rd period - Christian Hanson wins face-off versus Mason Raymond in Patriotes zone.
6:32 of 3rd period - Icing by Roman Josi.
6:33 of 3rd period - Kyle Brodziak wins face-off versus Zenon Konopka in Saguenéens zone.
6:56 of 3rd period - Brett Skinner is hit by Roman Josi and loses puck.
7:03 of 3rd period - Snap shot by Erik Haula.
7:03 of 3rd period - Shot Misses the Net.
8:10 of 3rd period - Wrist shot by Mattias Weinhandl.
8:10 of 3rd period - Stopped by Mike Smith without a rebound.
8:11 of 3rd period - Kyle Brodziak wins face-off versus Christian Hanson in Saguenéens zone.
8:26 of 3rd period - Slapshot by Kyle Brodziak.
8:26 of 3rd period - Goal by Kyle Brodziak - Saguenéens : 1 - Patriotes : 2.
8:27 of 3rd period - Kyle Brodziak wins face-off versus Christian Hanson in neutral zone.
8:59 of 3rd period - Backhand shot by Craig Cunningham.
8:59 of 3rd period - Stopped by Marek Schwarz with a rebound.
9:01 of 3rd period - Snap shot by Craig Cunningham.
9:01 of 3rd period - Shot Blocked by Joe Charlebois.
9:41 of 3rd period - Snap shot by Tomas Kurka.
9:41 of 3rd period - Stopped by Mike Smith without a rebound.
9:42 of 3rd period - Christian Hanson wins face-off versus Rickard Rakell in Saguenéens zone.
9:53 of 3rd period - Snap shot by Andrew Gordon.
9:53 of 3rd period - Stopped by Mike Smith with a rebound.
9:55 of 3rd period - Wrist shot by A.J Thelen.
9:55 of 3rd period - Shot Blocked by Luke Witkowski.
9:57 of 3rd period - Slapshot by A.J Thelen.
9:57 of 3rd period - Stopped by Mike Smith without a rebound.
9:58 of 3rd period - Kyle Brodziak wins face-off versus Zenon Konopka in Saguenéens zone.
10:25 of 3rd period - Tomas Kurka is hit by Rhett Rakhshani.
10:58 of 3rd period - Snap shot by Tim Kennedy.
10:58 of 3rd period - Goal by Tim Kennedy - Saguenéens : 2 - Patriotes : 2.
10:59 of 3rd period - Kyle Brodziak wins face-off versus Christian Hanson in neutral zone.
11:52 of 3rd period - Snap shot by Lauri Tukonen.
11:52 of 3rd period - Deflect By Rickard Rakell.
11:52 of 3rd period - Shot Misses the Net.
11:52 of 3rd period - Puck is out of play.
11:53 of 3rd period - Rickard Rakell wins face-off versus Christian Hanson in Saguenéens zone.
11:55 of 3rd period - Icing by Oscar Klefbom.
11:56 of 3rd period - Rickard Rakell wins face-off versus Christian Hanson in Saguenéens zone.
13:23 of 3rd period - Brett Lebda is hit by A.J Thelen and loses puck.
13:48 of 3rd period - Snap shot by Tyler Kennedy.
13:48 of 3rd period - Shot Misses the Net.
14:16 of 3rd period - Slapshot by Matt Calvert.
14:16 of 3rd period - Shot Misses the Net.
14:30 of 3rd period - Snap shot by Juraj Mikus.
14:30 of 3rd period - Shot Misses the Net.
14:32 of 3rd period - Wrist shot by Carl Hagelin.
14:32 of 3rd period - Shot Misses the Net.
16:37 of 3rd period - Snap shot by Kyle Brodziak.
16:37 of 3rd period - Shot Blocked by Ryan Wilson.
16:52 of 3rd period - Christian Hanson is hit by Luke Witkowski and loses puck.
17:07 of 3rd period - Brett Skinner is hit by Spencer Machacek and loses puck.
17:17 of 3rd period - Icing by Juraj Mikus.
17:18 of 3rd period - Melker Karlsson wins face-off versus Juraj Mikus in Saguenéens zone.
17:29 of 3rd period - A.J Thelen is hit by Dalton Prout and loses puck.
17:44 of 3rd period - Fedor Fedorov is hit by Kyle Brodziak.
18:04 of 3rd period - Tim Kennedy is hit by Mattias Weinhandl and loses puck.
18:41 of 3rd period - Snap shot by Tyler Pitlick.
18:41 of 3rd period - Shot Blocked by Joe Charlebois.
18:43 of 3rd period - Snap shot by Luke Witkowski.
18:43 of 3rd period - Stopped by Marek Schwarz with a rebound.
19:27 of 3rd period - Wrist shot by Matt Calvert.
19:27 of 3rd period - Shot Misses the Net.
19:33 of 3rd period - Wrist shot by Matt Calvert.
19:33 of 3rd period - Shot Blocked by Spencer Machacek.
Goals for this period are 2 for Saguenéens vs 0 for Patriotes.
Shots for this period are 7 for Saguenéens vs 8 for Patriotes.

Overtime #1


0:01 of 1st overtime period - Kyle Brodziak wins face-off versus Tomas Kurka in neutral zone.
0:50 of 1st overtime period - Wrist shot by Luke Witkowski.
0:50 of 1st overtime period - Shot Blocked by Lauri Tukonen.
1:02 of 1st overtime period - Tyler Kennedy is hit by Tomas Kurka and loses puck.
1:18 of 1st overtime period - Wrist shot by Mattias Weinhandl.
1:18 of 1st overtime period - Shot Misses the Net.
1:38 of 1st overtime period - Icing by Dalton Prout.
1:39 of 1st overtime period - Tomas Kurka wins face-off versus Tyler Kennedy in Saguenéens zone.
2:10 of 1st overtime period - Wrist shot by Mason Raymond.
2:10 of 1st overtime period - Stopped by Marek Schwarz without a rebound.
2:11 of 1st overtime period - Tomas Kurka wins face-off versus Tyler Kennedy in Patriotes zone.
2:11 of 1st overtime period - Tomas Kurka is hit by Tyler Kennedy.
3:31 of 1st overtime period - Luke Witkowski is hit by Ryan Wilson and loses puck.
4:04 of 1st overtime period - Tyler Pitlick is hit by Tom Preissing and loses puck.
4:17 of 1st overtime period - Oscar Klefbom is hit by Tom Preissing and loses puck.
4:30 of 1st overtime period - Brett Lebda is hit by Matt Calvert and loses puck.
4:39 of 1st overtime period - Snap shot by Matt Calvert.
4:39 of 1st overtime period - Stopped by Mike Smith with a rebound.
4:41 of 1st overtime period - Snap shot by Brett Skinner.
4:41 of 1st overtime period - Stopped by Mike Smith with a rebound.
Goals for this period are 0 for Saguenéens vs 0 for Patriotes.
Shots for this period are 1 for Saguenéens vs 2 for Patriotes.

ShootOut


5:00 of 1st overtime period - Penalty Shot by Tyler Kennedy for Saguenéens.
5:00 of 1st overtime period - Wrist shot by Tyler Kennedy.
5:00 of 1st overtime period - Stopped by Marek Schwarz.
5:00 of 1st overtime period - Penalty Shot by Tomas Kurka for Patriotes.
5:00 of 1st overtime period - Snap shot by Tomas Kurka.
5:00 of 1st overtime period - Goal by Tomas Kurka.
5:00 of 1st overtime period - Penalty Shot by Kyle Brodziak for Saguenéens.
5:00 of 1st overtime period - Snap shot by Kyle Brodziak.
5:00 of 1st overtime period - Shot Misses the Net.
5:00 of 1st overtime period - Penalty Shot by Andrew Gordon for Patriotes.
5:00 of 1st overtime period - Snap shot by Andrew Gordon.
5:00 of 1st overtime period - Goal by Andrew Gordon.